TOP OF THE 1ST |
New Amsterdam Republics batting - Pitching for Rocky Mountain Nuggets : RHP Hunter Wilson
|
Pitching: RHP Hunter Wilson
|
|
Batting: RHB António Pérez
|
0-0: Foul Ball, location: 2F 0-1: Swinging Strike 0-2: Strikes out swinging
|
Batting: RHB Júlio Gruzmán
|
0-0: Foul Ball, location: 2F 0-1: Ball 1-1: Called Strike 1-2: Ball 2-2: Ball 3-2: Fly out, F7 (Flyball, 7M)
|
Batting: RHB Júlio Maldonado
|
0-0: Ball 1-0: Fly out, F6 (Popup, 6S)
|
Top of the 1st over - 0 run(s), 0 hit(s), 0 error(s), 0 left on base; New Amsterdam 0 - Rocky Mountain 0 |
BOTTOM OF THE 1ST |
Rocky Mountain Nuggets batting - Pitching for New Amsterdam Republics : RHP Bobby Swain
|
Pitching: RHP Bobby Swain
|
|
Batting: LHB Chris Whiteside
|
0-0: Foul Ball, location: 2F 0-1: Ball 1-1: Ground out 5-3 (Groundball, 56)
|
Batting: LHB Randy Bowen
|
0-0: Ball 1-0: Ball 2-0: Foul Ball, location: 2F 2-1: SINGLE (Line Drive, 6MD)
|
Batting: RHB Michael Riley
|
0-0: Called Strike Randy Bowen steals 2nd base 0-1: Ball 1-1: Ball 2-1: Fly out, F9 (Flyball, 9S)
|
Batting: RHB David Verhoeve
|
0-0: Called Strike 0-1: Called Strike 0-2: Foul Ball, location: 2F 0-2: Foul Ball, location: 2F 0-2: Foul Ball, location: 2F 0-2: Foul Ball, location: 2F 0-2: Foul Ball, location: 2F 0-2: Ball 1-2: Fly out, F8 (Flyball, 8RS)
|
Bottom of the 1st over - 0 run(s), 1 hit(s), 0 error(s), 1 left on base; New Amsterdam 0 - Rocky Mountain 0 |
TOP OF THE 2ND |
New Amsterdam Republics batting - Pitching for Rocky Mountain Nuggets : RHP Hunter Wilson
|
Batting: RHB Carlos Ortega
|
0-0: Ground out 1-3 (Groundball, 15S)
|
Batting: RHB Hank Wilder
|
0-0: Foul Ball, location: 2F 0-1: Called Strike 0-2: Ball 1-2: Strikes out swinging
|
Batting: RHB Ed Anderson
|
0-0: Ball 1-0: Called Strike 1-1: Called Strike 1-2: Strikes out swinging
|
Top of the 2nd over - 0 run(s), 0 hit(s), 0 error(s), 0 left on base; New Amsterdam 0 - Rocky Mountain 0 |
BOTTOM OF THE 2ND |
Rocky Mountain Nuggets batting - Pitching for New Amsterdam Republics : RHP Bobby Swain
|
Batting: LHB Juan Ríos
|
0-0: Ball 1-0: DOUBLE (Line Drive, 7LM)
|
Batting: SHB Jim Morris
|
0-0: Called Strike 0-1: Ball Wild Pitch! Juan Ríos to third 1-1: Ball 2-1: Foul Ball, location: 2F 2-2: Foul Ball, location: 2F 2-2: Strikes out swinging
|
Batting: RHB Juan Ávila
|
0-0: Ball 1-0: Called Strike 1-1: Swinging Strike 1-2: Foul Ball, location: 2F 1-2: Ball 2-2: Ball 3-2: Ground out 5-3 (Groundball, 56S) Juan Ríos scores
|
Batting: LHB Egidio Agnolutto
|
0-0: Ball 1-0: Swinging Strike 1-1: Ball 2-1: Ground out 3-1 (Groundball, 34)
|
Bottom of the 2nd over - 1 run(s), 1 hit(s), 0 error(s), 0 left on base; New Amsterdam 0 - Rocky Mountain 1 |
TOP OF THE 3RD |
New Amsterdam Republics batting - Pitching for Rocky Mountain Nuggets : RHP Hunter Wilson
|
Batting: RHB Bryan Manning
|
0-0: Ball 1-0: Foul Ball, location: 2F 1-1: Called Strike 1-2: Foul Ball, location: 2F 1-2: SOLO HOME RUN (Line Drive, 7D), Distance : 473 ft
|
Batting: LHB Félix López
|
0-0: Ball 1-0: Fly out, F3 (Line Drive, 3)
|
Batting: RHB Tim Robinson
|
0-0: Ball 1-0: Ball 2-0: Ball 3-0: Called Strike 3-1: SOLO HOME RUN (Line Drive, 8LXD), Distance : 441 ft
|
Batting: RHB António Pérez
|
0-0: SINGLE (Line Drive, 9LS)
|
Batting: RHB Júlio Gruzmán
|
0-0: Ball 1-0: Called Strike 1-1: Grounds into double play, 1-4-3 (Groundball, 23)
|
Top of the 3rd over - 2 run(s), 3 hit(s), 0 error(s), 0 left on base; New Amsterdam 2 - Rocky Mountain 1 |
BOTTOM OF THE 3RD |
Rocky Mountain Nuggets batting - Pitching for New Amsterdam Republics : RHP Bobby Swain
|
Batting: SHB Jorge Colomo
|
0-0: Ball 1-0: Swinging Strike 1-1: Foul Ball, location: 2F 1-2: Foul Ball, location: 2F 1-2: Ball 2-2: Foul Ball, location: 2F 2-2: Ball 3-2: Fly out, F6 (Line Drive, 6)
|
Batting: LHB Chris Whiteside
|
0-0: Ball 1-0: Ball 2-0: Ball 3-0: Called Strike 3-1: Called Strike 3-2: SINGLE (Popup, 6D)
|
Batting: LHB Randy Bowen
|
0-0: Fly out, F7 (Flyball, 78M)
|
Batting: RHB Michael Riley
|
0-0: Called Strike 0-1: Ball 1-1: Swinging Strike 1-2: Ball 2-2: Fly out, F6 (Popup, 56D)
|
Bottom of the 3rd over - 0 run(s), 1 hit(s), 0 error(s), 1 left on base; New Amsterdam 2 - Rocky Mountain 1 |
TOP OF THE 4TH |
New Amsterdam Republics batting - Pitching for Rocky Mountain Nuggets : RHP Hunter Wilson
|
Batting: RHB Júlio Maldonado
|
0-0: Ball 1-0: Ball 2-0: Called Strike 2-1: Fly out, F8 (Flyball, 8LXD)
|
Batting: RHB Carlos Ortega
|
0-0: Ball 1-0: Fly out, F7 (Line Drive, 7S)
|
Batting: RHB Hank Wilder
|
0-0: Foul Ball, location: 2F 0-1: Ball 1-1: Ball 2-1: Ground out 6-3 (Groundball, 6M)
|
Top of the 4th over - 0 run(s), 0 hit(s), 0 error(s), 0 left on base; New Amsterdam 2 - Rocky Mountain 1 |
BOTTOM OF THE 4TH |
Rocky Mountain Nuggets batting - Pitching for New Amsterdam Republics : RHP Bobby Swain
|
Batting: RHB David Verhoeve
|
0-0: Called Strike 0-1: Swinging Strike 0-2: Strikes out swinging
|
Batting: LHB Juan Ríos
|
0-0: Ball 1-0: Ball 2-0: Ball 3-0: Base on Balls
|
Batting: SHB Jim Morris
|
0-0: Called Strike 0-1: Foul Ball, location: 2F 0-2: Ball 1-2: Ball 2-2: Foul Ball, location: 2F 2-2: Ball 3-2: Ground out 3-1 (Groundball, 34) Juan Ríos to second
|
Batting: RHB Juan Ávila
|
0-0: Swinging Strike 0-1: Swinging Strike 0-2: Ball 1-2: Strikes out swinging
|
Bottom of the 4th over - 0 run(s), 0 hit(s), 0 error(s), 1 left on base; New Amsterdam 2 - Rocky Mountain 1 |
TOP OF THE 5TH |
New Amsterdam Republics batting - Pitching for Rocky Mountain Nuggets : RHP Hunter Wilson
|
Batting: RHB Ed Anderson
|
0-0: Swinging Strike 0-1: SINGLE (Line Drive, 89S)
|
Batting: RHB Bryan Manning
|
0-0: Ball 1-0: Bunted foul 1-1: Ball 2-1: Sac Bunt - play at first, batter OUT! 3-4 Ed Anderson to second
|
Batting: LHB Félix López
|
0-0: Ball 1-0: Ball 2-0: Called Strike 2-1: Called Strike 2-2: Ball 3-2: Base on Balls
|
Batting: RHB Tim Robinson
|
0-0: Called Strike 0-1: Called Strike 0-2: Ball 1-2: Ball 2-2: Ball 3-2: Foul Ball, location: 2F 3-2: Base on Balls Ed Anderson to third Félix López to second
|
Batting: RHB António Pérez
|
0-0: Ball 1-0: Fly out, F9 (Flyball, 89M)
|
Batting: RHB Júlio Gruzmán
|
0-0: Ball 1-0: Ground out 6-3 (Groundball, 6)
|
Top of the 5th over - 0 run(s), 1 hit(s), 0 error(s), 3 left on base; New Amsterdam 2 - Rocky Mountain 1 |
BOTTOM OF THE 5TH |
Rocky Mountain Nuggets batting - Pitching for New Amsterdam Republics : RHP Bobby Swain
|
Batting: LHB Egidio Agnolutto
|
0-0: Ball 1-0: Swinging Strike 1-1: Ball 2-1: Ball 3-1: Base on Balls
|
Batting: SHB Jorge Colomo
|
0-0: Ball 1-0: Bunted foul 1-1: Sac Bunt - play at first, batter OUT! 1-4 Egidio Agnolutto to second
|
Batting: LHB Chris Whiteside
|
0-0: Ball 1-0: Foul Ball, location: 2F 1-1: Ball 2-1: Foul Ball, location: 2F 2-2: Ball 3-2: Strikes out swinging
|
Batting: LHB Randy Bowen
|
0-0: Called Strike 0-1: Foul Ball, location: 2F 0-2: Ground out U3 (Groundball, 3S)
|
Bottom of the 5th over - 0 run(s), 0 hit(s), 0 error(s), 1 left on base; New Amsterdam 2 - Rocky Mountain 1 |
TOP OF THE 6TH |
New Amsterdam Republics batting - Pitching for Rocky Mountain Nuggets : RHP Hunter Wilson
|
Batting: RHB Júlio Maldonado
|
0-0: Ball 1-0: Foul Ball, location: 2F 1-1: Ball 2-1: Swinging Strike 2-2: Fly out, F7 (Line Drive, 7D)
|
Batting: RHB Carlos Ortega
|
0-0: Called Strike 0-1: Called Strike 0-2: Foul Ball, location: 2F 0-2: Ball 1-2: Ground out 6-3 (Groundball, 6M)
|
Batting: RHB Hank Wilder
|
0-0: Ball 1-0: Called Strike 1-1: Called Strike 1-2: Foul Ball, location: 2F 1-2: Ground out U3 (Groundball, 3L)
|
Top of the 6th over - 0 run(s), 0 hit(s), 0 error(s), 0 left on base; New Amsterdam 2 - Rocky Mountain 1 |
BOTTOM OF THE 6TH |
Rocky Mountain Nuggets batting - Pitching for New Amsterdam Republics : RHP Bobby Swain
|
Batting: RHB Michael Riley
|
0-0: Ball 1-0: Ball 2-0: Ball 3-0: Called Strike 3-1: Ground out U3 (Groundball, 3S)
|
Batting: RHB David Verhoeve
|
0-0: Ball 1-0: Ball 2-0: Called Strike 2-1: Foul Ball, location: 2F 2-2: Foul Ball, location: 2F 2-2: Foul Ball, location: 2F 2-2: Ball 3-2: Base on Balls
|
Batting: LHB Juan Ríos
|
0-0: Ball 1-0: Ball 2-0: Ball 3-0: Called Strike 3-1: Ground out 3-1 (Groundball, 34S) David Verhoeve to second
|
Batting: SHB Jim Morris
|
0-0: Called Strike 0-1: Ball 1-1: Ball 2-1: Swinging Strike 2-2: Strikes out swinging
|
Bottom of the 6th over - 0 run(s), 0 hit(s), 0 error(s), 1 left on base; New Amsterdam 2 - Rocky Mountain 1 |
TOP OF THE 7TH |
New Amsterdam Republics batting - Pitching for Rocky Mountain Nuggets : RHP Hunter Wilson
|
Batting: RHB Ed Anderson
|
0-0: Ball 1-0: Ball 2-0: Foul Ball, location: 2F 2-1: Ball 3-1: Base on Balls
|
Batting: RHB Bryan Manning
|
0-0: Ball 1-0: Sac Bunt - play at first, batter OUT! 1-4 Ed Anderson to second
|
Batting: LHB Félix López
|
0-0: Ball 1-0: Called Strike 1-1: Swinging Strike 1-2: Ball 2-2: Foul Ball, location: 2F 2-2: Strikes out swinging
|
Batting: RHB Tim Robinson
|
0-0: Ball 1-0: Fly out, F8 (Flyball, 8RD)
|
Top of the 7th over - 0 run(s), 0 hit(s), 0 error(s), 1 left on base; New Amsterdam 2 - Rocky Mountain 1 |
BOTTOM OF THE 7TH |
Rocky Mountain Nuggets batting - Pitching for New Amsterdam Republics : RHP Bobby Swain
|
Batting: RHB Juan Ávila
|
0-0: Ball 1-0: Called Strike 1-1: Swinging Strike 1-2: Foul Ball, location: 2F 1-2: Ball 2-2: Strikes out swinging
|
Batting: LHB Egidio Agnolutto
|
0-0: DOUBLE (Line Drive, 3L)
|
Pitching: LHP Michael Rondeau
|
|
Batting: SHB Jorge Colomo
|
0-0: Ball Wild Pitch! Egidio Agnolutto to third 1-0: Squeeze Bunt - play home, runner OUT, batter safe! 1-2
|
Pinch Hitting: RHB Wayne Rose
|
0-0: Swinging Strike 0-1: Foul Ball, location: 2F 0-2: Foul Ball, location: 2F 0-2: Foul Ball, location: 2F 0-2: Ball 1-2: Ball 2-2: Foul Ball, location: 2F 2-2: Ball 3-2: Strikes out swinging
|
Bottom of the 7th over - 0 run(s), 1 hit(s), 0 error(s), 1 left on base; New Amsterdam 2 - Rocky Mountain 1 |
TOP OF THE 8TH |
New Amsterdam Republics batting - Pitching for Rocky Mountain Nuggets : RHP Hunter Wilson
|
Now in RF: Toshitsugu Sakamoto
|
|
Batting: RHB António Pérez
|
0-0: Ball 1-0: Ball 2-0: Ground out 6-3 (Groundball, 6)
|
Batting: RHB Júlio Gruzmán
|
0-0: Ball 1-0: SINGLE (Line Drive, 56)
|
Batting: RHB Júlio Maldonado
|
0-0: Ball 1-0: Called Strike 1-1: Foul Ball, location: 2F 1-2: Grounds into double play, 5-4-3 (Groundball, 5)
|
Top of the 8th over - 0 run(s), 1 hit(s), 0 error(s), 0 left on base; New Amsterdam 2 - Rocky Mountain 1 |
BOTTOM OF THE 8TH |
Rocky Mountain Nuggets batting - Pitching for New Amsterdam Republics : LHP Michael Rondeau
|
Now in CF: Doug Reed
|
|
Batting: LHB Randy Bowen
|
0-0: Fly out, F9 (Flyball, 9LM)
|
Pitching: RHP Decheng Sun
|
|
Batting: RHB Michael Riley
|
0-0: Ball 1-0: Foul Ball, location: 2F 1-1: Swinging Strike 1-2: Strikes out looking
|
Batting: RHB David Verhoeve
|
0-0: Ball 1-0: Ball 2-0: SINGLE (Groundball, 6MD)
|
Pitching: RHP Albert Emery
|
|
Batting: LHB Juan Ríos
|
0-0: Ground out 4-3 (Groundball, 4)
|
Bottom of the 8th over - 0 run(s), 1 hit(s), 0 error(s), 1 left on base; New Amsterdam 2 - Rocky Mountain 1 |
TOP OF THE 9TH |
New Amsterdam Republics batting - Pitching for Rocky Mountain Nuggets : RHP Hunter Wilson
|
Batting: RHB Carlos Ortega
|
0-0: Ball 1-0: SINGLE (Groundball, 13) (infield hit)
|
Pitching: RHP Juan Carlos Maestas
|
|
Batting: RHB Hank Wilder
|
0-0: Ball 1-0: Ball 2-0: Called Strike 2-1: Called Strike 2-2: Foul Ball, location: 2F 2-2: Strikes out swinging
|
Batting: RHB Ed Anderson
|
0-0: Hit by Pitch Carlos Ortega to second
|
Batting: RHB Bryan Manning
|
0-0: Foul Ball, location: 2F 0-1: Foul Ball, location: 2F 0-2: Strikes out swinging
|
Batting: LHB Félix López
|
0-0: Called Strike 0-1: Ball 1-1: Called Strike 1-2: Ball Wild Pitch! Carlos Ortega to third Ed Anderson to second 2-2: Foul Ball, location: 2F 2-2: Ball 3-2: SINGLE (Flyball, 89M) Carlos Ortega scores Ed Anderson to third Ed Anderson scores
|
Batting: RHB Tim Robinson
|
0-0: Ball 1-0: Called Strike 1-1: Swinging Strike 1-2: Ball 2-2: Ball 3-2: Strikes out swinging
|
Top of the 9th over - 2 run(s), 2 hit(s), 0 error(s), 1 left on base; New Amsterdam 4 - Rocky Mountain 1 |
BOTTOM OF THE 9TH |
Rocky Mountain Nuggets batting - Pitching for New Amsterdam Republics : RHP Albert Emery
|
Pitching: RHP Gavin Blackburn
|
|
Batting: SHB Jim Morris
|
0-0: Ball 1-0: SINGLE (Line Drive, 89S)
|
Batting: RHB Juan Ávila
|
0-0: Ball 1-0: SINGLE (Flyball, 9LS) Jim Morris to second Runner from 2nd tries for 3rd, SAFE, throw made to third
|
Batting: LHB Egidio Agnolutto
|
0-0: Ball 1-0: Called Strike 1-1: DOUBLE (Line Drive, 9LD) Jim Morris scores Juan Ávila to third
|
Pinch Hitting: SHB Quan Ge
|
0-0: Ball 1-0: Ball 2-0: Called Strike 2-1: Ball 3-1: Foul Ball, location: 2F 3-2: SINGLE (Groundball, 13) (infield hit) Juan Ávila scores Egidio Agnolutto to third
|
Batting: RHB Toshitsugu Sakamoto
|
0-0: Called Strike 0-1: Ball 1-1: Ball 2-1: Ball 3-1: Called Strike 3-2: Base on Balls Quan Ge to second
|
Batting: LHB Randy Bowen
|
0-0: Ball 1-0: Grounds into fielders choice 1-2 (Groundball, 2L) Quan Ge to third Toshitsugu Sakamoto to second
|
Batting: RHB Michael Riley
|
0-0: Ball 1-0: Foul Ball, location: 2F 1-1: Foul Ball, location: 2F 1-2: Foul Ball, location: 2F 1-2: Ball 2-2: Strikes out swinging
|
Batting: RHB David Verhoeve
|
0-0: Ball 1-0: Called Strike 1-1: Ball 2-1: SINGLE (Flyball, 78S) Quan Ge scores Toshitsugu Sakamoto to third Randy Bowen to second Runner from 3rd tries for Home, SAFE, no throw or cutoff
|
|